 Dungeon Crawl Stone Soup version 0.21.0-3-g78d12a8 (webtiles) character file.

952 mopl the Sneak (level 8, 0/41 HPs)
             Began as a Tengu Enchanter on Jan 11, 2018.
             Slain by an orc warrior (8 damage)
             ... on level 4 of the Dungeon.
             The game lasted 00:09:47 (4923 turns).

mopl the Sneak (Tengu Enchanter)                    Turns: 4923, Time: 00:09:49

Health: 0/41       AC:  3    Str:  8    XL:     8   Next: 14%
Magic:  0/13       EV: 13    Int: 15    God:
Gold:   204        SH:  0    Dex: 18    Spells: 3/12 levels left

rFire    . . .     SeeInvis .   a - +0 dagger (venom)
rCold    . . .     Gourm    .   (no shield)
rNeg     . . .     Faith    .   b - +0 robe
rPois    .         Spirit   +   (helmet restricted)
rElec    .         Reflect  .   (no cloak)
rCorr    .         Harm     .   u - +0 pair of gloves
MR       .....                  (boots unavailable)
Stlth    ++++......             n - amulet of guardian spirit
HPRegen  0.13/turn              (no ring)
MPRegen  0.13/turn              (no ring)

@: no status effects
A: beak, talons 3, able to fly 1
a: Fly


You were on level 4 of the Dungeon.
You were not hungry.

You visited 1 branch of the dungeon, and saw 5 of its levels.

You collected 204 gold pieces.

Inventory:

Hand Weapons
 a - a +0 dagger of venom (weapon)
 o - a +1 short sword of venom
Missiles
 e - 27 poisoned needles
Armour
 b - a +0 robe (worn)
 u - a +0 pair of gloves (worn)
Jewellery
 n - an amulet of guardian spirit (around neck)
Wands
 g - a wand of polymorph (10)
 q - a wand of random effects (8)
Scrolls
 f - a scroll of teleportation {unknown}
 h - a scroll of enchant weapon {unknown}
 i - 2 scrolls of magic mapping
 k - 2 scrolls of random uselessness {unknown}
 l - a scroll of enchant armour {unknown}
 m - 3 scrolls of remove curse
 v - a scroll of blinking {unknown}
Potions
 j - a potion of haste
 p - a potion of heal wounds
 r - a potion of flight
 s - a potion of cancellation
 t - a potion of brilliance {unknown}
Books
 c - a book of Maledictions

   Spells                             Type                      Level
   a - Corona                         Hexes                        1
   b - Ensorcelled Hibernation        Hexes/Ice                    2
   c - Confuse                        Hexes                        3
   d - Tukima's Dance                 Hexes                        3
   e - Dazzling Spray                 Conjuration/Hexes            3
Comestibles
 d - 7 rations
 w - a chunk of flesh


   Skills:
 - Level 3.2 Short Blades
 - Level 2.1 Dodging
 * Level 6.5 Stealth
 + Level 2.8 Spellcasting
 * Level 4.5 Hexes
 + Level 2.9 Ice Magic


You had 3 spell levels left.
You knew the following spells:

 Your Spells              Type           Power        Failure   Level  Hunger
a - Corona                Hex            ###....      3%          1    #......
b - Ensorcelled Hibernat  Hex/Ice        ##....       7%          2    ##.....
c - Confuse               Hex            ###.....     10%         3    ###....
d - Tukima's Dance        Hex            ###.....     10%         3    ###....


Dungeon Overview and Level Annotations

Branches:
Dungeon (5/15)
 Temple: D:4-7

Altars:
Cheibriados


Innate Abilities, Weirdness & Mutations

You have a beak for a mouth.
You have claws for feet.
You can fly.


Message History

You impale the hound!!
You kill the hound!
Your magical contamination has completely faded away.
The orc warrior hits you!
* * * LOW HITPOINT WARNING * * *
Casting: Ensorcelled Hibernation
Confirm with . or Enter, or press ? or * to list all spells.
Aiming: Ensorcelled Hibernation
Press: ? - help, Shift-Dir - straight line, f/p - orc warrior
Aim: an orc warrior, wearing a plate armour (chance to defeat MR: 44%)
The orc warrior resists with some effort.
The orc warrior hits you!
* * * LOW HITPOINT WARNING * * *
A phantom comes into view.
There is an open door here.
There is a stone staircase leading up here.
There is an escape hatch in the ceiling here.
A mysterious force pulls you upwards. The hatch slams shut behind you.
The orc warrior hits you!
You die...

##.............#######.#.##..
#..#.###.#####.#######.#.....
#..#.# #.# #.#....##.####.#
###..#.###.#####.#....##.## #.#
#.............##.#.....[..# #.#
#.#..............#........# #.#
#.#..#.###.##.##.#........# #.#
#.#..#.###.##o####........# #.#
#.#........##.@.....).....###.#
#.#####.####.......<...........
#.###_รท.# #.......)....).####.
###...##### #........####### #.
#........# #........# #.
#........#####........# #.
......................##########.
#.......#########.##.............
#.......# #.##.......#.####


You could see an orc warrior.

Vanquished Creatures
  Grinder (D:4)
  Sigmund (D:2)
  A steam dragon (D:4)
  An ogre (D:4)
  A bullfrog (D:4)
  A scorpion (D:4)
  A howler monkey (D:4)
  2 hounds
  2 orc wizards
  An iguana (D:4)
  A hound skeleton (D:4)
  5 adders
  3 dart slugs
  4 leopard geckos
  11 orcs
  2 ball pythons
  6 bats
  3 giant cockroaches
  3 goblins
  A hobgoblin (D:1)
  3 jackals (D:1)
  6 frilled lizards
  6 kobolds
  12 rats
78 creatures vanquished.

Vanquished Creatures (others)
  A ghoul (D:1)
  2 octopodes (D:1)
  An elf (D:1)
  A troll (D:1)
  2 vampires (D:1)
  A dancing weapon (D:5)
  2 ogres (D:1)
  A centaur (D:1)
  An orc (D:1)
  A kobold (D:1)
  4 tentacles (D:1)
17 creatures vanquished.

Grand Total: 95 creatures vanquished

Notes
Turn   | Place    | Note
-------+----------+-------------------------------------------
     0 | D:1      | mopl the Tengu Enchanter began the quest for the Orb.
     0 | D:1      | Reached XP level 1. HP: 10/10 MP: 4/4
     0 | D:1      | Noticed an elf
     0 | D:1      | Noticed an octopode
     0 | D:1      | Noticed an ogre
     0 | D:1      | Noticed a vampire
     0 | D:1      | Noticed a vampire
     0 | D:1      | Noticed a kraken
     0 | D:1      | Noticed a troll
     0 | D:1      | Noticed an octopode
     0 | D:1      | Noticed a ghoul
     0 | D:1      | Noticed an ogre
     0 | D:1      | Noticed a centaur
     5 | D:1      | Killed a vampire
     6 | D:1      | Killed an octopode
     6 | D:1      | Killed a vampire
     7 | D:1      | Killed an octopode
     7 | D:1      | Killed an ogre
     9 | D:1      | Killed an ogre
    10 | D:1      | Killed an elf
    11 | D:1      | Killed a troll
    12 | D:1      | Killed a centaur
    13 | D:1      | Killed a ghoul
   170 | D:1      | Reached XP level 2. HP: 15/15 MP: 6/6
   175 | D:1      | Learned a level 2 spell: Ensorcelled Hibernation
   477 | D:1      | Reached XP level 3. HP: 19/19 MP: 7/7
   482 | D:1      | Learned a level 3 spell: Confuse
  1090 | D:2      | Noticed Sigmund
  1856 | D:3      | Reached XP level 4. HP: 20/24 MP: 5/8
  1863 | D:3      | Reached skill level 2 in Short Blades
  2227 | D:3      | Reached skill level 4 in Stealth
  2227 | D:3      | Reached skill level 1 in Ice Magic
  3086 | D:2      | Killed Sigmund
  3086 | D:2      | Reached skill level 3 in Hexes
  3086 | D:2      | Gained mutation: You can fly. [Tengu growth]
  3086 | D:2      | Reached XP level 5. HP: 28/28 MP: 2/9
  3086 | D:2      | Reached XP level 6. HP: 32/32 MP: 2/10
  3092 | D:2      | Learned a level 3 spell: Tukima's Dance
  3637 | D:4      | Reached skill level 5 in Stealth
  3918 | D:4      | Noticed a steam dragon
  3924 | D:4      | Killed a steam dragon
  3924 | D:4      | Reached skill level 3 in Short Blades
  3924 | D:4      | Reached skill level 2 in Ice Magic
  3924 | D:4      | Reached XP level 7. HP: 36/36 MP: 6/11
  3998 | D:4      | Found a snail-covered altar of Cheibriados.
  4000 | D:4      | Reached skill level 4 in Hexes
  4341 | D:4      | Noticed Grinder
  4466 | D:4      | Reached skill level 6 in Stealth
  4510 | D:4      | Killed Grinder
  4510 | D:4      | Reached XP level 8. HP: 40/41 MP: 5/13
  4657 | D:5      | Entered Level 5 of the Dungeon
  4923 | D:4      | Slain by an orc warrior

Skill      XL: |  1  2  3  4  5  6  7 |
---------------+----------------------+-----
Short Blades   | 2 3 |  3.2
Stealth        | 4 5 6 |  6.5
Ice Magic      | 1 2 |  2.9
Hexes          | 3 4 |  4.5
Dodging        | |  2.1
Spellcasting   | |  2.8

Action                   |  1- 3 |  4- 6 |  7- 9 || total
-------------------------+-------+-------+-------++-------
Melee: Dagger            |    74 |    45 |    39 ||   158
       Peck              |     8 |     8 |     7 ||    23
       Kick              |     5 |     8 |     9 ||    22
 Cast: Ensorcelled Hiber |     6 |    11 |    16 ||    33
       Confuse           |     2 |     7 |     3 ||    12
       Tukima's Dance    |       |     1 |     5 ||     6
Evoke: Wand              |     6 |     9 |     3 ||    18
  Use: Scroll            |       |     5 |     1 ||     6
 Stab: Sleeping          |    19 |    11 |     8 ||    38
       Confused          |       |     1 |       ||     1
       Paralysed         |       |       |     1 ||     1
  Eat: Chunk             |     2 |     4 |     4 ||    10
       Ration            |       |     2 |       ||     2
Armor: Robe              |    22 |     3 |     4 ||    29
Dodge: Dodged            |    52 |    24 |    22 ||    98
